 Dungeon Crawl Stone Soup version 0.22-a0-322-g60b3cfd (webtiles) character file.

103 Kairos the Shield-Bearer (level 5, 0/41 HPs)
             Began as a Human Fighter on Apr 3, 2018.
             Slain by stickyfingers's ghost (4 damage)
             ... on level 3 of the Dungeon.
             The game lasted 00:03:44 (1847 turns).

Kairos the Shield-Bearer (Human Fighter)            Turns: 1847, Time: 00:03:45

Health: 0/41       AC: 17    Str: 17    XL:     5   Next: 6%
Magic:  0/5        EV: -2    Int: 11    God:
Gold:   139        SH:  7    Dex: 13    Spells: 4/4 levels left

rFire    . . .     SeeInvis .   o - +1 whip (vamp)
rCold    . . .     Gourm    .   c - +0 shield
rNeg     . . .     Faith    .   l - +0 crystal plate armour
rPois    .         Spirit   +   p - +2 helmet {Int+3}
rElec    .         Reflect  .   (no cloak)
rCorr    .         Harm     .   (no gloves)
MR       .....                  (no boots)
Stlth    ..........             e - amulet of guardian spirit
HPRegen  0.13/turn              (no ring)
MPRegen  0.09/turn              (no ring)

@: extremely drained
A: no striking features
a: no special abilities


You were on level 3 of the Dungeon.
You were not hungry.

You visited 1 branch of the dungeon, and saw 3 of its levels.

You collected 139 gold pieces.

Inventory:

Hand Weapons
 a - a +0 war axe
 o - a +1 vampiric whip (weapon)
Armour
 b - a +0 scale mail
 c - a +0 shield (worn)
 j - a +1 helmet
 l - a +0 crystal plate armour (worn)
 p - a +2 helmet of intelligence (worn)
Jewellery
 e - an amulet of guardian spirit (around neck)
Wands
 q - a wand of polymorph (11)
Scrolls
 g - a scroll of noise
 h - 2 scrolls of amnesia
 i - 3 scrolls of teleportation
 k - 9 scrolls of remove curse
 m - a scroll of fear
 r - a scroll of enchant armour {unknown}
 s - 2 scrolls of identify
Potions
 d - 2 potions of might
 n - a potion of curing {unknown}
 t - a potion of berserk rage {unknown}
Comestibles
 f - 4 rations


   Skills:
 + Level 3.4(0.0) Fighting
 + Level 2.7(0.0) Axes
 + Level 1.0(0.0) Maces & Flails
 + Level 3.7(0.0) Armour
 + Level 3.8(0.0) Shields


You had 4 spell levels left.
You didn't know any spells.

Dungeon Overview and Level Annotations

Branches:
Dungeon (3/15)

Altars:
Elyvilon

Annotations:
D:3 stickyfingers's ghost, amateur DEFi


Message History

Stickyfingers's ghost is almost destroyed.
You block stickyfingers's ghost's attack.
You hit stickyfingers's ghost but do no damage.
Stickyfingers's ghost is almost destroyed.
You block stickyfingers's ghost's attack.
You hit stickyfingers's ghost.
Stickyfingers's ghost is almost destroyed.
Stickyfingers's ghost hits you.
* * * LOW HITPOINT WARNING * * *
You feel drained.
* * * LOW HITPOINT WARNING * * *
You block stickyfingers's ghost's attack.
You hit stickyfingers's ghost but do no damage.
Stickyfingers's ghost is almost destroyed.
Stickyfingers's ghost hits you but does no damage.
You feel drained.
You hit stickyfingers's ghost but do no damage.
Stickyfingers's ghost is almost destroyed.
Stickyfingers's ghost hits you.
You die...

#†###.#.....##
###.###.#.....'.
#....##.#.....##
#....##.#.......
#....##.#.####..
#....##.#.# #..
#.###########+###.#.#
#.. #......gW.#
#.#.####..
#......#####@#
#.#.#..... #......
#.# ##.#.#.##..
#...... #.#
..#.^.#.##.. #......
#.#####.#####.#...
....... #.......#
#..... .......
######..# #.....
....... #########..#
#..#.. ...........#
#..#..
#######...[#####....)


You could see stickyfingers's ghost and a goblin.

Vanquished Creatures
  3 adders
  3 worms (D:3)
  4 dart slugs
  A leopard gecko (D:2)
  4 giant cockroaches
  11 hobgoblins
  A quokka (D:2)
  2 ball pythons
  5 bats
  4 frilled lizards
  9 goblins
  3 kobolds (D:2)
  9 rats
59 creatures vanquished.

Notes
Turn   | Place    | Note
-------+----------+-------------------------------------------
     0 | D:1      | Kairos the Human Fighter began the quest for the Orb.
     0 | D:1      | Reached XP level 1. HP: 18/18 MP: 1/1
   167 | D:1      | Reached XP level 2. HP: 24/24 MP: 2/2
   282 | D:1      | Reached XP level 3. HP: 27/29 MP: 3/3
   736 | D:2      | Reached XP level 4. HP: 33/35 MP: 4/4
   744 | D:2      | Found a white marble altar of Elyvilon.
  1546 | D:3      | Reached skill level 1 in Maces & Flails
  1546 | D:3      | Reached XP level 5. HP: 36/41 MP: 5/5
  1804 | D:3      | Noticed stickyfingers's ghost (amateur DEFi)
  1847 | D:3      | Slain by stickyfingers's ghost

Vault maps used:
D:1:      eino_arrival_druids_welcome
D:2:      elyvilon_altar_4
D:3:      first_ration, uniq_natasha, uniq_grinder

Skill      XL: |  1  2  3  4 |
---------------+-------------+-----
Maces & Flails | 1 |  1.0
Fighting       | |  3.4
Axes           | |  2.7
Armour         | |  3.7
Shields        | |  3.8

Action                   |  1- 3 |  4- 6 || total
-------------------------+-------+-------++-------
Melee: War axe           |   119 |       ||   119
       Whip              |       |   156 ||   156
  Use: Scroll            |       |     5 ||     5
  Eat: Ration            |       |     2 ||     2
       Chunk             |       |     1 ||     1
Armor: Scale mail        |    18 |       ||    18
       Crystal plate arm |   103 |    73 ||   176
Dodge: Dodged            |    13 |     1 ||    14
Block: Shield            |    79 |    53 ||   132

Table legend:
 A = Spawn XP
 B = Non-spawn XP
 C = Spawn XP percentage of total XP
 D = Spawn monster count
 E = Non-spawn monster count
 F = Spawn count percentage of total count
 G = Total turns spent on level
                    A         B        C        D         E        F      G
               +---------+---------+-------+---------+---------+-------+---------
         Total |       0 |     148 |   0.0 |       0 |      59 |   0.0 |  1847
               +---------+---------+-------+---------+---------+-------+---------
           D:1 |       0 |      38 |   0.0 |       0 |      21 |   0.0 |   622
           D:2 |       0 |      69 |   0.0 |       0 |      26 |   0.0 |   442
           D:3 |       0 |      41 |   0.0 |       0 |      12 |   0.0 |   783
               +---------+---------+-------+---------+---------+-------+---------
